 Dungeon Crawl Stone Soup version 0.13-a0-1762-gc06daff (webtiles) character file.

132 Kae the Chiller (level 4, -2/30 HPs)
             Began as a Demonspawn Ice Elementalist on June 22, 2013.
             Slain by Sigmund
             ... wielding a +1,+2 scythe
              (9 damage)
             ... on Level 2 of the Dungeon.
             The game lasted 00:03:16 (1310 turns).

Kae the Chiller (Demonspawn Ice Elementalist)       Turns: 1310, Time: 00:03:16

HP  -2/30        AC  2     Str  8      XL: 4   Next: 24%
MP   0/7         EV 12     Int 17      God:
Gold 48          SH  0     Dex 16      Spells:  2 memorised,  3 levels left

Res.Fire  : . . .   See Invis. : .   k - +1 whip (drain)
Res.Cold  : . . .   Warding    : .   f - +0 robe
Life Prot.: . . .   Conserve   : .   (no shield)
Res.Poison: .       Res.Corr.  : .   (no helmet)
Res.Elec. : .       Clarity    : .   (no cloak)
Sust.Abil.: . .     Spirit.Shd : .   (no gloves)
Res.Mut.  : .       Stasis     : .   (no boots)
Res.Rott. : .       Flight     : .   (no amulet)
Saprovore : . . .                    (no ring)
                                     (no ring)

@: slightly resistant to hostile enchantments, fairly stealthy
A: hooves 1, Dex +2
a: no special abilities


You were on level 2 of the Dungeon.
You were not hungry.

You visited 1 branch of the dungeon, and saw 2 of its levels.

You collected 28 gold pieces.

Inventory:

Hand weapons
 g - a +0,+1 orcish dagger (quivered)
 k - a +1,+1 whip of draining (weapon)
Armour
 a - a +0 robe
 f - a +0 robe (worn)
Magical devices
 t - a wand of invisibility (4)
Comestibles
 c - 2 bread rations
 d - a cheese
 q - a choko
 u - 2 chunks of hobgoblin flesh
 v - 3 chunks of human flesh
Scrolls
 e - 4 scrolls of teleportation {unknown}
 j - a scroll of enchant weapon I {unknown}
 n - a scroll of amnesia {unknown}
 p - 2 scrolls of identify {unknown}
 s - a scroll of random uselessness {unknown}
Potions
 h - a potion of paralysis {unknown}
 i - 3 potions of speed {unknown}
 l - 2 potions of curing
 o - a potion of poison {unknown}
 r - a potion of brilliance {unknown}
Books
 b - a book of Frost

   Spells                             Type                      Level
   *Freeze                            Ice                          1
   *Throw Frost                       Conjuration/Ice              2
   Ozocubu's Armour                   Charms/Ice                   3
   Throw Icicle                       Conjuration/Ice              4
   Summon Ice Beast                   Ice/Summoning                4
   Condensation Shield                Ice                          4
 w - a book of Frost

   Spells                             Type                      Level
   *Freeze                            Ice                          1
   *Throw Frost                       Conjuration/Ice              2
   Ozocubu's Armour                   Charms/Ice                   3
   Throw Icicle                       Conjuration/Ice              4
   Summon Ice Beast                   Ice/Summoning                4
   Condensation Shield                Ice                          4


   Skills:
 - Level 1.8 Dodging
 - Level 1.7 Stealth
 + Level 1.7 Spellcasting
 * Level 2.4 Conjurations
 * Level 3.7 Ice Magic


You had 3 spell levels left.
You knew the following spells:

 Your Spells              Type           Power        Failure   Level  Hunger
a - Freeze                Ice            ##..         4%          1    #......
b - Throw Frost           Conj/Ice       ##....       10%         2    ###....


Dungeon Overview and Level Annotations

Branches:
Dungeon (2/27)

Altars:
Trog
Zin

Annotations
D:2 Crazy Yiuf, Sigmund


Innate Abilities, Weirdness & Mutations

You have large cloven feet.
You have a somewhat thin skeletal structure (Dex +2, Stlth).


Message History

You freeze it. It hits you!
* * * LOW HITPOINT WARNING * * *
Drink which item? (? for menu, Esc to quit)
You feel much better.
Crazy Yiuf yells, "Spliff!"
You miss it. You kick it. It hits you!
You barely miss it. It hits you.
Crazy Yiuf cries, "You leg down broken song, no?"
You closely miss it.
You hear some strange, mumbled words.
The magic dart hits you!
* * * LOW HITPOINT WARNING * * *
Casting: Freeze
Confirm with . or Enter, or press ? or * to list all spells.
Aiming: Freeze
Press: ? - help, Shift-Dir - straight line You freeze it.
Crazy Yiuf says, "Whippet!"
It hits you!
You die...

....''..........
#.#.#.# #......
....##%.........
#.#.#.# #......
....##...#######
###### #......
....##...# #.....)
######...##♣♣♣
#..(... #...##♣♣♣♣
♣# ### ........
#....#.♣♣♣♣♣♣#..)#
.#######
####......♣♣♣♣.g...#
. ............♣.@♣#
######.#..♣.♣♣♣#
###♣♣♣♣♣♣♣♣ #♣♣♣♣♣♣


You could see Crazy Yiuf.

Vanquished Creatures
  Ijyb (D:2)
  Jessica (D:2)
  An adder (D:2)
  A giant mite (D:2)
  4 bats (D:1)
  3 goblins (D:1)
  6 hobgoblins (D:2)
  2 quokkas (D:2)
  2 giant cockroaches (D:1)
  A giant gecko (D:1)
  4 giant newts
  6 kobolds
  8 rats
40 creatures vanquished.

Notes
Turn   | Place    | Note
--------------------------------------------------------------
     0 | D:1      | Kae, the Demonspawn Ice Elementalist, began the quest for the Orb.
     0 | D:1      | Reached XP level 1. HP: 13/13 MP: 3/3
   175 | D:1      | Reached skill level 3 in Ice Magic
   203 | D:1      | Gained mutation: You have large cloven feet. [demonic ancestry]
   203 | D:1      | Reached XP level 2. HP: 13/19 MP: 2/4
   207 | D:1      | Learned a level 2 spell: Throw Frost
   232 | D:1      | Reached XP level 1. HP: 10/13 MP: 1/3
   233 | D:1      | Reached XP level 2. HP: 13/19 MP: 1/4
   627 | D:2      | Noticed Sigmund
   726 | D:2      | Gained mutation: You have a somewhat thin skeletal structure (Dex +2, Stlth). [demonic ancestry]
   726 | D:2      | Reached XP level 3. HP: 5/24 MP: 1/6
   950 | D:2      | Noticed Ijyb
   961 | D:2      | Killed Ijyb
  1058 | D:2      | Noticed a moth of wrath
  1060 | D:2      | Found a bloodstained altar of Trog.
  1100 | D:2      | Found a glowing silver altar of Zin.
  1177 | D:2      | Noticed Jessica
  1186 | D:2      | Killed Jessica
  1186 | D:2      | Reached XP level 4. HP: 27/30 MP: 4/7
  1261 | D:2      | Found a bloodstained altar of Trog.
  1295 | D:2      | Noticed Crazy Yiuf
  1310 | D:2      | Slain by Sigmund

Action                   |  1- 3 |  4- 6 || total
-------------------------+-------+-------++-------
Melee: Dagger            |     8 |       ||     8
       Whip              |    40 |    12 ||    52
 Cast: Freeze            |    32 |     9 ||    41
  Use: Potion            |     2 |     1 ||     3
 Stab: Sleeping          |     3 |       ||     3
